 Dungeon Crawl Stone Soup version 0.31-a0-277-g31ea1f65cc (webtiles) character file.

Game seed: 12801194895164799439

123 Newt the Trooper (level 4, -6/37 HPs)
             Began as a Demonspawn Gladiator on July 16, 2023.
             Killed by nerve-wracking pain
             ... invoked by an orc priest
              (11 damage)
             ... on level 3 of the Dungeon.
             The game lasted 00:02:15 (2238 turns).

Newt the Trooper (Demonspawn Gladiator)             Turns: 2238, Time: 00:02:16

Health: -6/37      AC:  4    Str: 16    XL:     4   Next: 80%
Magic:  4/4        EV: 12    Int:  9    God:
Gold:   74         SH:  4    Dex: 15    Spells: 3/3 levels left

rFire   + . .        j - +4 dagger
rCold   . . .        (no shield)
rNeg    . . .        b - +0 leather armour
rPois   .            c - +0 helmet
rElec   .            (no cloak)
rCorr   .            (no gloves)
SInv    +            (no boots)
Will    .....        (no amulet)
Stlth   ++           f - ring of protection from fire
HPRegen 0.26/turn    g - ring of see invisible
MPRegen 0.09/turn

%: no passive effects
@: no status effects
A: condensation shield
a: no special abilities


You were on level 3 of the Dungeon.
You visited 1 branch of the dungeon, and saw 3 of its levels.

You collected 74 gold pieces.

Inventory:

Hand Weapons
 a - a +0 rapier
 e - a +1 dagger of electrocution
 j - a +4 dagger (weapon)
Missiles
 o - 2 boomerangs
Armour
 b - a +0 leather armour (worn)
 c - a +0 helmet (worn)
Jewellery
 f - a ring of protection from fire (left hand)
 g - a ring of see invisible (right hand)
 h - an amulet of faith
Scrolls
 n - a scroll of teleportation {unknown}
Potions
 i - 2 potions of lignification {unknown}
 k - a potion of brilliance {unknown}
 l - a potion of ambrosia {unknown}
 m - a potion of cancellation {unknown}


   Skills:
 - Level 4.0 Fighting
 + Level 3.3 Short Blades
 - Level 1.7 Throwing
 - Level 2.6 Dodging
 - Level 2.0 Stealth


You had 3 spell levels left.
You didn't know any spells.
Your spell library contained the following spells:

 Spells                   Type           Power      Damage    Failure   Level
 Shock                    Conj/Air       0%         1d3       45%         1
 Ensorcelled Hibernation  Hex/Ice        0%         N/A       58%         2
 Passwall                 Tmut/Erth      0%         N/A       58%         2
 Swiftness                Air            0%         N/A       83%         3
 Airstrike                Air            0%         2d(0-16)  99%         4


Dungeon Overview and Level Annotations

Branches:
Dungeon (3/15)

Altars:


Innate Abilities, Weirdness & Mutations

A meltable shield of frost defends you. (SH +4)


Message History

You kill the orc!
An orc comes into view. It is wielding a +0 flail.
Items here: )))) [[ ††.
You hit the orc.
The orc is moderately wounded.
The orc closely misses you.
You barely miss the orc priest.
The orc priest hits you with a +0 quarterstaff!
The orc hits you with a +0 flail!
* * * LOW HITPOINT WARNING * * *
You hit the orc priest.
The orc priest is moderately wounded.
Unknown command.
You hit the orc priest.
The orc priest is moderately wounded.
The orc barely misses you.
The orc priest hits you with a +0 quarterstaff.
* * * LOW HITPOINT WARNING * * *
Unknown command.
You hit the orc priest but do no damage.
The orc priest is moderately wounded.
You block the orc's attack. The orc priest misses you.
Unknown command.
Throw: 2 throwing nets
Press: ? - help, Q - select action, (/) - cycle Shift-Dir - straight line, f - orc
Aim: an orc, wielding a +0 flail and wearing a +0 chain mail (moderately wounded, 65% to hit)
You throw a throwing net. The throwing net hits the orc.
The orc is caught in the net!
The orc is moderately wounded.
The orc struggles against the net.
You block the orc priest's attack.
Throw: throwing net
Press: ? - help, Q - select action, (/) - cycle Shift-Dir - straight line, f - orc priest, p - orc
Aim: an orc priest, wielding a +0 quarterstaff and wearing a +0 leather armour (moderately wounded, 57% to hit)
You throw a throwing net. The throwing net hits the orc priest.
The orc priest is caught in the net!
The orc priest is moderately wounded.
The orc struggles against the net.
The orc priest invokes the aid of Beogh against you.
Pain shoots through your body!
You die...

### . ..# #. ###.#
#.# .. ...## #.#
#.##...##### #.#
....^.... #.#
#oo..# #.# #@# #.#
#.# #.# #.#
#<#########.#
#...........#
###########.......
#######.


You could see an orc priest (caught) and an orc (caught).

Vanquished Creatures
  An orc wizard (D:3)
  Robin (D:1)
  2 adders (D:2)
  A worm (D:2)
  2 orcs (D:3)
  4 endoplasms
  3 giant cockroaches (D:1)
  17 goblins
  9 hobgoblins
  4 quokkas (D:2)
  2 ball pythons
  5 bats
  5 frilled lizards
  A kobold (D:1)
  4 rats
61 creatures vanquished.

Notes
Turn   | Place    | Note
-------+----------+-------------------------------------------
     0 | D:1      | Newt the Demonspawn Gladiator began the quest for the Orb.
     0 | D:1      | Reached XP level 1. HP: 16/16 MP: 1/1
   343 | D:1      | Found a faded altar of an unknown god.
   373 | D:1      | Gained mutation: A meltable shield of frost defends you.
                  | (SH +4) [demonic ancestry]
   373 | D:1      | Reached XP level 2. HP: 15/23 MP: 2/2
   483 | D:1      | Reached skill level 3 in Fighting
  1016 | D:2      | Reached XP level 3. HP: 20/29 MP: 3/3
  1072 | D:2      | Noticed Robin
  1099 | D:1      | Killed Robin
  1100 | D:1      | Reached skill level 4 in Fighting
  1101 | D:1      | HP: 1/30 [goblin/+0 club[Robin] (5)]
  1427 | D:2      | Reached skill level 1 in Stealth
  1514 | D:2      | Reached XP level 4. HP: 25/37 MP: 4/4
  2238 | D:3      | Killed from afar by an orc priest

Illustrated notes

Levels and vault maps discovered:
D:1:      wander_arrival_lonely_grave, layout_loops_corners,
          ebering_ecumenical_altar_hall, grunt_decor_one_mirror
D:2:      layout_rooms, palyth_stone_intersect, feat_on_display, uniq_robin
D:3:      layout_loops_ring, fountainhead, amcnicky_mini_rare_corridor_liquid

Skill      XL: |  1  2  3  4 |
---------------+-------------+-----
Fighting       | 3 4 |  4.0
Stealth        | 1 2 |  2.0
Short Blades   | 3 |  3.3
Throwing       | |  1.7
Dodging        | |  2.6

Action                     |  1- 3 |  4- 6 || total
---------------------------+-------+-------++-------
  Melee: Rapier            |    23 |       ||    23
         Dagger            |    94 |    65 ||   159
  Throw: Throwing net      |     3 |     2 ||     5
         Javelin           |     1 |       ||     1
    Use: Scroll            |     1 |       ||     1
   Stab: Held in net/web   |     1 |       ||     1
         Sleeping          |       |     1 ||     1
 Armour: Leather armour    |    23 |    21 ||    44
  Dodge: Dodged            |    71 |    32 ||   103
  Block: Other             |    15 |    12 ||    27

Table legend: (Time is in decaauts)
 A = Elapsed time spent in this place.
 B = Non-inter-level travel time spent in this place.
 C = Inter-level travel time spent in this place.
 D = Time resting spent in this place.
 E = Time spent auto-exploring this place.
 F = Levels seen in this place.
 G = Mean time per level.
                   A        B        C        D        E       F      G
               +--------+--------+--------+--------+--------+-----+--------+
         Total |   2217 |   2181 |     36 |    620 |   1205 |   3 |  739.0 |
       Dungeon |   2217 |   2181 |     36 |    620 |   1205 |   3 |  739.0 |
               +--------+--------+--------+--------+--------+-----+--------+

Top non-repeatable levels by time:
     D:1: 1318 daAuts
     D:2: 865 daAuts
     D:3: 34 daAuts
